 Dungeon Crawl Stone Soup version 0.27.0-1-g7a089689b8 (webtiles) character file.

Game seed: 9971233995680440458

3352 Caminho the Cleaver (level 9, -11/71 (75) HPs)
             Began as a Deep Dwarf Monk on Aug 14, 2021.
             Killed from afar by a deep elf pyromancer (22 damage)
             ... with a bolt of fire
             ... on level 7 of the Dungeon.
             The game lasted 00:13:54 (1004 turns).

Caminho the Cleaver (Deep Dwarf Monk)               Turns: 1004, Time: 00:13:54

HP:   -11/71 (75)   AC:  7    Str: 14    XL:     9   Next: 72%
MP:   3/4           EV: 12    Int: 11    God:
Gold: 23            SH:  5    Dex: 17    Spells: 16/16 levels left

rFire    . . .     SeeInvis .   k - +2 hand axe (vorpal)
rCold    . . .     Faith    .   b - +0 buckler
rNeg     . . .     Spirit   .   d - +1 scale mail
rPois    .         Reflect  .   (no helmet)
rElec    .         Harm     .   (no cloak)
rCorr    .         Rampage  .   (no gloves)
Will     +....                  (no boots)
Stlth    +.........             (no amulet)
HPRegen  0.00/turn              (no ring)
MPRegen  0.09/turn              (no ring)

@: lethally poisoned (-11 -> -11), drained
A: damage resistance, heal wounds, sense surroundings 2, no regeneration, weak
1, wild magic 1
a: Heal Wounds


You were on level 7 of the Dungeon.
You visited 1 branch of the dungeon, and saw 8 of its levels.

You collected 23 gold pieces.

Inventory:

Hand Weapons
 a - a +1 hand axe
 g - a +0 war axe
 k - a +2 vorpal hand axe (weapon)
Missiles
 i - 18 poisoned darts (quivered)
Armour
 b - a +0 buckler (worn)
 d - a +1 scale mail (worn)
Wands
 V - a wand of flame (1)
Scrolls
 f - a scroll of brand weapon {unknown}


   Skills:
 - Level 3.0 Fighting
 + Level 12.0 Axes
 - Level 6.5 Dodging
 - Level 2.4 Stealth
 - Level 4.0 Shields
 * Level 4.4 Spellcasting


You had 16 spell levels left.
You didn't know any spells.
Your spell library was empty.

Dungeon Overview and Level Annotations

Branches:
Dungeon (8/15)
 Temple: D:4-7         Lair: D:8-11

Altars:
Sif Muna


Innate Abilities, Weirdness & Mutations

You are resistant to damage.
You can heal yourself by infusing magical energy.
You passively map the area around you.
You do not regenerate.
You are weak. (Str -2)
Your spells are a little harder to cast, but a little more powerful.


Message History

The deep elf pyromancer barely misses you.
You hit the deep elf pyromancer.
The deep elf pyromancer is heavily wounded.
You hit the fire elemental. You barely miss the killer bee.
The killer bee stings you. You block the fire elemental's attack.
The deep elf pyromancer hits you but does no damage.
You feel drained.
The killer bee stings you but does no damage.
You barely miss the deep elf pyromancer.
The deep elf pyromancer is heavily wounded.
You hit the fire elemental. You barely miss the killer bee.
You block the fire elemental's attack. The killer bee barely misses you.
You hit the deep elf pyromancer but do no damage.
The deep elf pyromancer is heavily wounded.
You completely miss the fire elemental. You closely miss the killer bee.
The killer bee stings you but does no damage.
The fire elemental hits you. The fire elemental burns you!
The deep elf pyromancer hits you with a +1 rapier of draining.
You feel drained.
You fail to use your ability.
The killer bee barely misses you. You block the fire elemental's attack.
The killer bee barely misses you.
The deep elf pyromancer gestures wildly while chanting.
The deep elf pyromancer blinks!
You hit the fire elemental but do no damage.
You barely miss the killer bee. You hit the fire elemental.
The killer bee barely misses you. The fire elemental hits you.
The fire elemental burns you! The killer bee stings you.
The bullfrog skeleton is engulfed in blazing flames.
The bullfrog skeleton is destroyed!
The fire elemental hits you. The fire elemental burns you!
* * * LOW HITPOINT WARNING * * *
You feel much better. The fire elemental hits you.
The fire elemental burns you! You block the killer bee's attack.
The fire elemental misses you. The fire elemental barely misses you.
The killer bee stings you.
* * * LOW HITPOINT WARNING * * *
The deep elf pyromancer casts a spell at you.
The bolt of fire hits the fire elemental.
The fire elemental completely resists.
The bolt of fire hits you!!
You die... * ,* *** ?..####......... , ,, ### .........†.....S , *... ....###)###..... , , , ..,.. ##.#.#.##.... , yy #.#.#.#.##... ,, ,,, , ###o ##.#.#.#.#.#### , * =5Cy

#.#.#.#.#.#.# , * **
###y####.#.#.#.#.## ,
#..#@E'e#.#.#.#.#.+**
** #E####.#[#.#.#.##*
, *
#.○°)?#.#.#.#.#.#.# *
* ###'####.#.#.#.#.##
* **,..○
*##.#.#.#.##* * *,
... ##$#.#.## * ,
#.#.#, ###'### * , *,
, ## ## * , * , , ,
** *


You could see a cyclops, a deep elf pyromancer, 2 fire elementals, 3 killer
bees, a shadow imp and an orc.

Vanquished Creatures
  A cyclops
  An ugly thing
  A centaur zombie
  A gargoyle
  A slime creature
  A steam dragon Menkaure
  A vampire mosquito
  2 water moccasins
  An orc warrior
  An ice beast
  A sky beast
  An ogre
  2 black bears
  A necrophage
  A centaur
  A kobold brigand
  A bullfrog
  3 howler monkeys
  A jelly
  2 orc priests
  2 hounds
  2 orc wizards
  2 iguanas
  2 adders
  A white imp
  2 adder skeletons
  A dart slug
  10 orcs
  2 goblins
  A hobgoblin
  A quokka
  A frilled lizard
  8 kobolds
  A rat
62 creatures vanquished.

Vanquished Creatures (collateral kills)
  A howler monkey
1 creature vanquished.

Vanquished Creatures (others)
  A steam dragon
  A sky beast
  A jelly
  A bullfrog skeleton
4 creatures vanquished.

Grand Total: 67 creatures vanquished

Notes
Turn   | Place    | Note
-------+----------+-------------------------------------------
     0 | D:1      | Caminho the Deep Dwarf Monk began the quest for the Orb.
     0 | D:1      | Reached XP level 1. HP: 20/20 MP: 1/1
    53 | D:2      | Found a faded altar of an unknown god.
   253 | D:3      | Noticed an orc wizard
   267 | D:3      | Reached XP level 2. HP: 21/27 MP: 2/2
   268 | D:3      | Reached skill level 4 in Axes
   268 | D:3      | Reached skill level 1 in Shields
   268 | D:3      | Reached XP level 3. HP: 26/33 MP: 3/3
   328 | D:4      | Noticed an ogre
   338 | D:4      | Noticed Menkaure
   357 | D:4      | Killed an ogre
   358 | D:4      | Reached skill level 5 in Axes
   358 | D:4      | Reached skill level 2 in Shields
   358 | D:4      | Reached XP level 4. HP: 17/40 MP: 4/4
   379 | D:4      | Killed Menkaure
   380 | D:4      | Reached skill level 6 in Axes
   380 | D:4      | Reached skill level 3 in Shields
   380 | D:4      | Reached XP level 5. HP: 45/46 MP: 4/4
   442 | D:4      | Found a shimmering blue altar of Sif Muna.
   479 | D:4      | Noticed a black bear
   493 | D:4      | Killed a black bear
   494 | D:4      | Reached XP level 6. HP: 24/55 MP: 5/5
   525 | D:4      | Reached skill level 7 in Axes
   535 | D:5      | Entered Level 5 of the Dungeon
   538 | D:5      | Noticed an orc warrior
   600 | D:4      | Killed an orc warrior
   601 | D:4      | Reached skill level 4 in Shields
   617 | D:5      | Reached XP level 7. HP: 42/61 MP: 3/3
   669 | D:7      | Identified the +1 leather armour "Lucw" {Rampage Will+
                  | rCorr Str+2}
   710 | D:6      | Reached skill level 8 in Axes
   746 | D:8      | Reached skill level 9 in Axes
   746 | D:8      | Reached skill level 4 in Dodging
   754 | D:7      | HP: 8/61 [kobold brigand (7)]
   761 | D:7      | Reached XP level 8. HP: 49/68 MP: 3/3
   788 | D:7      | Reached skill level 5 in Dodging
   839 | D:7      | Reached skill level 10 in Axes
   839 | D:7      | Reached skill level 1 in Spellcasting
   843 | D:7      | Noticed a cyan ugly thing
   846 | D:7      | Noticed a gargoyle
   850 | D:7      | HP: 15/102 [cyan ugly thing (12)]
   856 | D:7      | Noticed a deep elf pyromancer
   858 | D:7      | Gained mutation: Your spells are a little harder to cast,
                  | but a little more powerful. [potion of mutation]
   858 | D:7      | Gained mutation: You are weak. (Str -2) [potion of
                  | mutation]
   873 | D:7      | Reached skill level 6 in Dodging
   873 | D:7      | Reached skill level 2 in Spellcasting
   878 | D:7      | HP: 10/102 [cyan ugly thing (11)]
   890 | D:7      | Noticed a cyclops
   896 | D:7      | Noticed a slime creature
   908 | D:7      | Killed a cyan ugly thing
   909 | D:7      | Gained mutation: You passively map the area around you.
                  | [Deep Dwarf growth]
   909 | D:7      | Reached XP level 9. HP: 38/74 MP: 2/4
   930 | D:7      | Reached skill level 3 in Spellcasting
   936 | D:7      | Reached skill level 11 in Axes
   951 | D:7      | Killed a gargoyle
   952 | D:7      | Reached skill level 3 in Fighting
   985 | D:7      | Killed a cyclops
   986 | D:7      | Reached skill level 12 in Axes
   986 | D:7      | Reached skill level 4 in Spellcasting
   989 | D:7      | Noticed a cyclops
  1003 | D:7      | HP: 11/71 [fire elemental[a deep elf pyromancer] (5)]
  1004 | D:7      | Killed from afar by a deep elf pyromancer

Illustrated notes

Levels and vault maps discovered:
D:1:      dpeg_arrival_castle, layout_loops_ring, minmay_pentomino_w4
D:2:      layout_loops_cross, ebering_ecumenical_altar_mist, moated_statue
D:3:      layout_loops_ring
D:4:      layout_basic, nicolae_sif_muna_little_library, lemuel_round_altar,
          kiku_gazebo_pond_becter, gammafunk_ghost_arena, small_statue_alley_b,
          minmay_circle_x, uniq_crazy_yiuf_cottage, uniq_menkaure
D:5:      layout_loops_ring, serial_shops, nicolae_shop_trees
D:6:      layout_loops_cross, hangedman_decor_diamond_cutter,
          kennysheep_cluttered_room
D:7:      minmay_the_grid_octo_tiled_squarecenter [minmay_the_grid_octo_clover,
          minmay_the_grid_octo_fan_narrow, minmay_the_grid_octo_checkered,
          minmay_the_grid_octo_chip,
          minmay_the_grid_square_5x5_megaprize_crossed,
          minmay_the_grid_square_5x5_seven,
          minmay_the_grid_square_5x5_three_small,
          minmay_the_grid_square_5x5_fancy_junction,
          minmay_the_grid_square_5x5_comb], layout_rooms, temple_green,
          minmay_bent
D:8:      layout_loops_ring, jmf_multi_god_temple, kennysheep_slug_shrine,
          minmay_shop_chei, uniq_harold, uniq_psyche, uniq_gastronok

Skill      XL: |  1  2  3  4  5  6  7  8  9 |
---------------+----------------------------+-----
Axes           | 4 5 6 7 9 10 12 | 12.0
Shields        | 1 2 3 4 |  4.0
Dodging        | 4 6 |  6.5
Spellcasting   | 2 4 |  4.4
Fighting       | 3 |  3.0
Stealth        | |  2.4

Action                   |  1- 3 |  4- 6 |  7- 9 || total
-------------------------+-------+-------+-------++-------
Melee: Hand axe          |    50 |   111 |   123 ||   284
       War axe           |       |     8 |    58 ||    66
Throw: Dart              |       |       |     1 ||     1
 Abil: Heal Wounds       |     3 |    14 |    42 ||    59
Evoke: Wand              |       |       |     9 ||     9
  Use: Scroll            |     4 |       |     2 ||     6
       Potion            |     1 |       |     2 ||     3
 Stab: Sleeping          |     1 |       |       ||     1
Armor: Robe              |     9 |       |       ||     9
       Scale mail        |    14 |    25 |    76 ||   115
       Skin              |       |       |   122 ||   122
Dodge: Dodged            |    53 |    55 |   129 ||   237
Block: Buckler           |     4 |    42 |   108 ||   154

Table legend: (Time is in decaauts)
 A = Elapsed time spent in this place.
 B = Non-inter-level travel time spent in this place.
 C = Inter-level travel time spent in this place.
 D = Time resting spent in this place.
 E = Time spent auto-exploring this place.
 F = Levels seen in this place.
 G = Mean time per level.
                   A        B        C        D        E       F      G
               +--------+--------+--------+--------+--------+-----+--------+
         Total |    990 |    960 |     30 |      0 |      0 |   8 |  123.8 |
       Dungeon |    990 |    960 |     30 |      0 |      0 |   8 |  123.8 |
               +--------+--------+--------+--------+--------+-----+--------+

Top non-repeatable levels by time:
     D:4: 291 daAuts
     D:7: 238 daAuts
     D:2: 158 daAuts
     D:3: 101 daAuts
     D:5: 71 daAuts
     D:6: 57 daAuts
     D:1: 46 daAuts
     D:8: 25 daAuts
